 Dungeon Crawl Stone Soup version 0.19.1 (webtiles) character file.

88 empire the Digger (level 4, -2/30 HPs)
             Began as a Formicid Earth Elementalist on Dec 23, 2016.
             Slain by a water moccasin zombie (5 damage)
             ... in an ossuary.
             The game lasted 00:06:40 (2359 turns).

empire the Digger (Formicid Earth Elementalist)     Turns: 2359, Time: 00:06:41

Health: -2/30      AC:  2    Str: 17    XL:     4   Next: 81%
Magic:  1/7        EV: 12    Int: 16    God:
Gold:   144        SH:  0    Dex: 11    Spells: 3 memorised, 1 level left

rFire  . . .     SeeInvis +     b - 34 stones
rCold  . . .     Gourm    .     c - +0 robe
rNeg   . . .     Faith    .     (no shield)
rPois  .         Spirit   .     (helmet unavailable)
rElec  .         Reflect  .     (no cloak)
rCorr  .         Harm     .     (no gloves)
MR     .....                    (no boots)
Stlth  ++........               (no amulet)
                                (no ring)
                                (no ring)

@: mighty, lethally poisoned (-2 -> -9)
A: permanent stasis, dig shafts and tunnels, four strong arms, antennae 3
a: Dig, Shaft Self


You were in an ossuary.
You were not hungry.

You visited 1 branch of the dungeon, and saw 5 of its levels.
You also visited: Ossuary.

You collected 144 gold pieces.

Inventory:

Hand Weapons
 a - a +0 short sword
Missiles
 b - 34 stones (in hand)
 f - 12 poisoned needles
Armour
 c - a +0 robe (worn)
 j - the +1 ring mail of Jeupisa {Int+2, unknown}
   (You found it on level 4 of the Dungeon)

   It affects your intelligence (+2).
Wands
 o - a wand of disintegration (1/24)
Scrolls
 m - a scroll of blinking
Potions
 i - a potion of agility {unknown}
 k - a potion of degeneration {unknown}
Books
 e - a book of Geomancy

   Spells                             Type                      Level
   a - Sandblast                      Earth                        1
   b - Passwall                       Transmutation/Earth          2
   c - Stone Arrow                    Conjuration/Earth            3
   d - Petrify                        Transmutation/Earth          4
   e - Lee's Rapid Deconstruction     Earth                        5
Comestibles
 d - 3 bread rations
 h - a royal jelly


   Skills:
 - Level 1.7 Dodging
 - Level 2.4 Stealth
 - Level 2.1 Spellcasting
 + Level 3.4 Transmutations
 - Level 5.0 Earth Magic


You had one spell level left.
You knew the following spells:

 Your Spells              Type           Power        Failure   Level  Hunger
a - Sandblast             Erth           ###...       2%          1    #......
b - Passwall              Tmut/Erth      ###.......   8%          2    ###....
c - Stone Arrow           Conj/Erth      #.....       21%         3    ###....


Dungeon Overview and Level Annotations

Branches:
Dungeon (5/15)
 Temple: D:4-7

Altars:
Fedhas
Kikubaaqudgha
Nemelex Xobeh
Okawaru
Qazlal
Xom


Innate Abilities, Weirdness & Mutations

You are under a permanent stasis effect.
You can dig through walls and to a lower floor.
Your four strong arms can wield two-handed weapons with a shield.
You have a pair of large antennae on your head. (SInv)


Message History

Aim: a water moccasin zombie The rocky blast hits the water moccasin zombie.
The water moccasin zombie is moderately damaged.
* * * LOW HITPOINT WARNING * * *
You feel sick. The water moccasin zombie misses you.
The orc zombie hits you but does no damage.
It was a potion of might.
You feel very mighty all of a sudden.
The water moccasin zombie barely misses you.
The orc zombie barely misses you.
Casting: Sandblast
Confirm with . or Enter, or press ? or * to list all spells.
Aiming: Sandblast
Press: ? - help, Shift-Dir - straight line, f/p - water moccasin zombie
Aim: a water moccasin zombie (moderately damaged)
The rocky blast hits the water moccasin zombie.
The water moccasin zombie is heavily damaged.
* * * LOW HITPOINT WARNING * * *
You feel sick. The water moccasin zombie bites you.
You die...

#!?!?#...#...#
### #####^^.#
#.^.# ##'##
#.^.# #^^.#
#.^^# #...#
#@### #ZZ.#
#...# #...#
#...# ##+## {


You could see a water moccasin zombie and an orc zombie.

Vanquished Creatures
  4 adders
  An adder zombie (Ossuary)
  A worm (D:2)
  A giant cockroach (D:3)
  4 goblins
  5 hobgoblins (D:1)
  2 jackals (D:2)
  A ball python (D:1)
  8 bats (D:1)
  5 frilled lizards
  10 kobolds
  2 kobold zombies (Ossuary)
  A leopard gecko zombie (D:3)
  2 rats (D:1)
  A rat zombie (D:2)
48 creatures vanquished.

Notes
Turn   | Place    | Note
-------+----------+-------------------------------------------
     0 | D:1      | empire the Formicid Earth Elementalist began the quest for the Orb.
     0 | D:1      | Reached XP level 1. HP: 13/13 MP: 3/3
    95 | D:1      | Reached skill level 4 in Earth Magic
   106 | D:1      | Reached XP level 2. HP: 16/19 MP: 0/5
   406 | D:1      | Reached XP level 3. HP: 18/24 MP: 1/6
   564 | D:1      | Reached skill level 5 in Earth Magic
   581 | D:1      | Learned a level 2 spell: Passwall
   585 | D:1      | Learned a level 3 spell: Stone Arrow
  1227 | D:2      | Reached XP level 4. HP: 28/30 MP: 3/7
  1659 | D:2      | Found an ancient bone altar of Kikubaaqudgha.
  1796 | D:2      | Found a blossoming altar of Fedhas.
  2042 | D:3      | Found a stormy altar of Qazlal.
  2044 | D:3      | Found an iron altar of Okawaru.
  2046 | D:3      | Found a sparkling altar of Nemelex Xobeh.
  2047 | D:3      | Found a shimmering altar of Xom.
  2097 | D:3      | You fall through a shaft for 2 floors!
  2097 | D:5      | Entered Level 5 of the Dungeon
  2269 | D:4      | Got an ancient ring mail
  2330 | D:4      | Found a sand-covered staircase.
  2334 | Ossuary  | Entered an ossuary
  2359 | Ossuary  | Slain by a water moccasin zombie

Skill      XL: |  1  2  3  4 |
---------------+-------------+-----
Earth Magic    | 4 5 |  5.0
Transmutations | 2 3 |  3.4
Dodging        | |  1.7
Stealth        | |  2.4
Spellcasting   | |  2.1

Action                   |  1- 3 |  4- 6 || total
-------------------------+-------+-------++-------
 Cast: Sandblast         |    43 |    37 ||    80
 Abil: Shaft Self        |       |     1 ||     1
  Use: Scroll            |       |     5 ||     5
       Potion            |       |     1 ||     1
  Eat: Chunk             |     1 |     1 ||     2
       Bread ration      |       |     1 ||     1
Armor: Robe              |     7 |     3 ||    10
Dodge: Dodged            |     6 |    24 ||    30
